 Dungeon Crawl Stone Soup version 0.31.0-9-g3a7656b989 (webtiles) character file.

Game seed: 14346290031739116658

62136 Gabide the Bludgeoner (level 14, -11/126 HPs)
             Began as a Demigod Fighter on Jan 25, 2024.
             Mangled by a skyshark (20 damage)
             ... on level 4 of the Lair of Beasts.
             The game lasted 00:28:46 (18443 turns).

Gabide the Bludgeoner (Demigod Fighter)            Turns: 18443, Time: 00:28:47

Health: -11/126    AC:  8    Str: 33    XL:     14   Next: 26%
Magic:  17/17      EV: 15    Int: 16    God:
Gold:   1326       SH:  5    Dex: 13    Spells: 13/13 levels left

rFire   . . .        x - +12 executioner's axe of Disorder {pain, *Corrode rElec Will+ Int+6 Stlth+}
rCold   + . .        (shield currently unavailable)
rNeg    . . .        r - +1 ring mail "Eghel" {rPois rC+ Will+ Slay+2}
rPois   +            v - +2 helmet
rElec   +            s - scarf {shadows}
rCorr   .            (no gloves)
SInv    .            w - +2 pair of boots
Will    +++..        B - amulet of reflection
Stlth   ++           m - +5 ring of evasion
HPRegen 0.41/turn    k - +4 ring of slaying
MPRegen 0.15/turn

%: corrode self (3%), reflection
@: corroded, studying Throwing
A: high MP 1, forlorn, divine attributes
a: no special abilities


You were on level 4 of the Lair of Beasts.
You visited 3 branches of the dungeon, and saw 19 of its levels.

You collected 1716 gold pieces.
You spent 390 gold pieces at shops.

Inventory:

Hand Weapons
 a - the +9 demon whip "Esirch" {freeze, rPois rCorr Int+3 Stlth+}
   (You acquired it on level 3 of the Dungeon)

   Int+3:     It affects your intelligence (+3).
   rPois:     It protects you from poison rCorr: It protects you from acid and
   corrosion.
   Stlth+:    It makes you more stealthy.
 x - the +12 executioner's axe of Disorder (weapon) {pain, *Corrode rElec Will+ Int+6 Stlth+}
   (You acquired it on level 11 of the Dungeon)

   Int+6:     It affects your intelligence (+6).
   rElec:     It insulates you from electricity.
   Will+:     It increases your willpower.
   *Corrode:  It may corrode you when you take damage.
   Stlth+:    It makes you more stealthy.
Missiles
 g - 5 boomerangs (quivered)
 n - 2 curare-tipped darts
 Q - a throwing net
Armour
 c - a +1 buckler
 r - the +1 ring mail "Eghel" (worn) {rPois rC+ Will+ Slay+2}
   (You found it on level 3 of the Dungeon)

   Slay+2:    It affects your accuracy & damage with ranged weapons and melee
   (+2).
   rC+:       It protects you from cold.
   rPois:     It protects you from poison Will+: It increases your willpower.
 s - a scarf of shadows (worn)
 v - a +2 helmet (worn)
 w - a +2 pair of boots (worn)
Jewellery
 k - a +4 ring of slaying (right hand)
 m - a +5 ring of evasion (left hand)
 t - a ring of resist corrosion
 y - a ring of protection from fire
 B - an amulet of reflection (around neck)
 G - a ring of protection from cold
 L - a +5 ring of evasion
 P - an amulet of guardian spirit
Talismans
 q - a dragon-blood talisman
Wands
 b - a wand of flame (51)
 F - a wand of mindburst (12)
 K - a wand of light (13)
 N - a wand of roots (5)
 U - a wand of polymorph (4)
 Z - a wand of paralysis (4)
Scrolls
 e - 4 scrolls of teleportation
 i - 2 scrolls of fear
 o - 4 scrolls of enchant weapon
 z - a scroll of revelation
 D - 2 scrolls of identify
 E - a scroll of poison
 J - 2 scrolls of amnesia
 V - 2 scrolls of noise
 W - 2 scrolls of immolation
 X - 2 scrolls of silence
Potions
 d - a potion of might
 f - 2 potions of brilliance
 h - 2 potions of ambrosia
 j - 3 potions of cancellation
 l - 3 potions of curing
 p - 4 potions of resistance
 u - 5 potions of attraction
 A - 2 potions of mutation
 C - 2 potions of lignification
 H - 3 potions of haste
 I - a potion of enlightenment
 O - 2 potions of magic
 S - 2 potions of heal wounds
Miscellaneous
 R - a lightning rod (4/4)
 T - a phantom mirror (inert)


   Skills:
 - Level 12.0 Fighting
 + Level 6.5(13.3) Axes
 - Level 18.0(18.4) Maces & Flails
 - Level 3.0 Armour
 - Level 3.0 Shields
 - Level 12.0 Evocations


You had 13 spell levels left.
You didn't know any spells.
Your spell library contained the following spells:

 Spells                   Type           Power      Damage    Failure   Level
 Shock                    Conj/Air       0%         1d3       34%         1
 Summon Small Mammal      Summ           0%         N/A       34%         1
 Ensorcelled Hibernation  Hex/Ice        0%         N/A       45%         2
 Scorch                   Fire           0%         2d5       45%         2
 Call Canine Familiar     Summ           0%         N/A       71%         3
 Fugue of the Fallen      Necr           0%         N/A       71%         3
 Gell's Gravitas          Tloc           0%         N/A       71%         3
 Ozocubu's Armour         Ice            0%         N/A       71%         3
 Swiftness                Air            0%         N/A       71%         3
 Teleport Other           Tloc           0%         N/A       71%         3
 Airstrike                Air            0%         2d(0-16)  98%         4
 Anguish                  Hex/Necr       0%         N/A       98%         4
 Animate Dead             Necr           0%         N/A       98%         4
 Cause Fear               Hex            0%         N/A       98%         4
 Flame Wave               Conj/Fire      0%         2d4       98%         4
 Summon Blazeheart Golem  Fire/Summ      0%         N/A       98%         4
 Vhi's Electric Charge    Tloc/Air       0%         N/A       98%         4
 Arcjolt                  Conj/Air       0%         1d10      100%        5
 Fireball                 Conj/Fire      0%         3d3       100%        5
 Metabolic Englaciation   Hex/Ice        0%         N/A       100%        5
 Dispersal                Tloc           0%         N/A       100%        6
 Sculpt Simulacrum        Ice/Alch       0%         N/A       100%        6
 Summon Cactus Giant      Summ           0%         N/A       100%        6
 Haunt                    Necr/Summ      0%         N/A       100%        7
 Ozocubu's Refrigeration  Ice            0%         4d7       100%        7
 Infestation              Necr           0%         N/A       100%        8
 Maxwell's Capacitive Co  Air            0%         ∞         100%        8
 Dragon's Call            Summ           0%         N/A       100%        9
 Polar Vortex             Ice            0%         N/A       100%        9


Dungeon Overview and Level Annotations

Branches:
Dungeon (13/15)            Temple (1/1) D:6            Lair (5/5) D:9
  Swamp (0/4) Lair:2       Spider (0/4) Lair:2        Slime (0/5) Lair:4
    Orc (0/2) D:11         Vaults (0/5) D:13

Shops:
D:6 =   D:7 :   D:11 :(


Innate Abilities, Weirdness & Mutations

You have an increased reservoir of magic. (+10% MP)
You shall have no god before yourself.
Your divine heritage dramatically boosts your attributes as you level up.


Message History

The water moccasin bites you but does no damage.
The skyshark bites you.
The skyshark tail-slaps you but does no damage. x2
Unknown command.
Unknown command.
You slice the skyshark!!
The skyshark is heavily wounded.
You slash the yak!
You kill the yak!
You miss the water moccasin. You slash the yak!
The yak gores you but does no damage.
The water moccasin completely misses you.
The skyshark bites you. The skyshark misses you.
The skyshark tail-slaps you but does no damage.
Unknown command.
You barely miss the skyshark.
The skyshark is heavily wounded.
You barely miss the water moccasin. You slice the yak!!
You kill the yak!
The skyshark bites you but does no damage.
The skyshark tail-slaps you.
* * * LOW HITPOINT WARNING * * *
The skyshark misses you. The water moccasin barely misses you.
The skyshark bites you!!
* * * LOW HITPOINT WARNING * * *
The skyshark tail-slaps you.
* * * LOW HITPOINT WARNING * * *
You block the skyshark's attack.
The water moccasin bites you but does no damage.
Okay, then.
Okay, then.
Aiming: Paralyse
Press: ? - help, Shift-Dir - straight line, f - skyshark
Aim: a skyshark (heavily wounded, berserk, chance to affect: 58%)
The skyshark resists with significant effort.
The skyshark completely misses you. The skyshark barely misses you.
You block the skyshark's attack. The water moccasin bites you.
* * * LOW HITPOINT WARNING * * *
The skyshark bites you!!
You die...

##...............##....#.####.#..
##....................##### ###..
P.##........#.........#.#.###....
...#..........#..................
.................................
.................................
.............................P...
...............†.†..........((P..
...............S@F...........(.(.
...............†.................
..............##.................
....#............................
##.(.............................
#......................P........
###...................##..#.....
##...................#.##..#....
##....<..........................


You could see a skyshark (berserk) and a water moccasin.

Vanquished Creatures
  A rakshasa (D:11)
  2 hydras
  An ogre mage (D:12)
  A catoblepas (D:12)
  9 two-headed ogres
  5 boulder beetles
  5 centaur warriors
  A deep elf knight (D:13)
  Sonja (Lair:2)
  The ghost of vvokhom the Grappler, a novice TrSh of Gozag (D:11)
  An orc knight (D:13)
  3 deep elf pyromancers (D:13)
  Pikel (D:8)
  2 deep elf zephyrmancers (D:13)
  3 cyclopes
  4 ugly things
  15 elephants (Lair:3)
  A meliai (D:12)
  4 black mambas
  A torpor snail (Lair:3)
  A gargoyle (D:11)
  An efreet (D:11)
  10 cane toads
  2 kobold demonologists
  2 rime drakes
  17 komodo dragons
  10 trolls
  3 hornets
  Grinder (D:3)
  9 blink frogs
  3 dream sheep (Lair:4)
  A jumping spider (shapeshifter) (D:13)
  3 jumping spiders (Lair:2)
  3 shadows
  2 vampires
  A slime creature (D:12)
  8 wyverns
  36 yaks
  A spriggan (Lair:2)
  A wraith (D:9)
  3 basilisks
  2 steam dragons
  10 vampire mosquitoes (D:12)
  2 redbacks (Lair:2)
  3 acid dragons
  Duvessa (D:6)
  8 water moccasins
  2 sky beasts
  9 orc warriors
  A swamp drake (D:9)
  An ice beast (D:8)
  2 black bears
  4 ogres
  4 wolves (Lair:2)
  3 phantoms
  9 centaurs
  3 lemures
  7 kobold brigands
  4 gnoll sergeants
  14 bullfrogs
  7 scorpions
  9 wights
  Dowan (D:6)
  15 killer bees
  7 electric eels
  6 howler monkeys
  3 bombardier beetles
  4 hounds
  A gnoll bouda (D:5)
  9 orc priests
  6 jellies
  4 sleepcaps
  4 iguanas
  13 orc wizards
  23 gnolls
  3 adders
  A white imp (D:8)
  An ufetubus (D:5)
  3 dart slugs
  3 ribbon worms
  44 orcs
  7 ball pythons
  9 endoplasms
  A giant cockroach (D:2)
  7 goblins
  7 hobgoblins
  17 kobolds
  4 quokkas
  4 bats
  3 frilled lizards
  4 rats
499 creatures vanquished.

Vanquished Creatures (collateral kills)
  A hydra (Lair:5)
  A yak (Lair:5)
2 creatures vanquished.

Vanquished Creatures (others)
  A kobold brigand (D:13)
1 creature vanquished.

Grand Total: 502 creatures vanquished

Notes
Turn   | Place    | Note
-------+----------+-------------------------------------------
     0 | D:1      | Gabide the Demigod Fighter began the quest for the Orb.
     0 | D:1      | Reached XP level 1. HP: 18/18 MP: 3/3
   375 | D:1      | Reached skill level 2 in Maces & Flails
   712 | D:1      | Reached XP level 2. HP: 25/25 MP: 4/4
  1454 | D:2      | Reached XP level 3. HP: 31/31 MP: 5/5
  2044 | D:3      | Noticed Grinder
  2054 | D:3      | Killed Grinder
  2055 | D:3      | Reached skill level 5 in Maces & Flails
  2055 | D:3      | Reached XP level 4. HP: 25/38 MP: 6/6
  2055 | D:3      | Reached XP level 5. HP: 30/45 MP: 7/7
  2183 | D:3      | Identified the +1 ring mail "Eghel" {rPois rC+ Will+
                  | Slay+2}
  2923 | D:3      | Identified a scroll of acquirement
  2923 | D:3      | Acquired the +9 demon whip "Esirch" {freeze, rPois rCorr
                  | Int+3 Stlth+}
  2981 | D:4      | Noticed an ogre
  2984 | D:4      | Killed an ogre
  2985 | D:4      | Reached skill level 6 in Maces & Flails
  2985 | D:4      | Reached XP level 6. HP: 51/51 MP: 8/8
  3274 | D:4      | Reached skill level 7 in Maces & Flails
  3274 | D:4      | Reached XP level 7. HP: 54/57 MP: 9/9
  3557 | D:5      | Entered Level 5 of the Dungeon
  3675 | D:5      | Reached skill level 8 in Maces & Flails
  3835 | D:5      | Reached XP level 8. HP: 63/63 MP: 10/10
  4028 | D:5      | Reached skill level 9 in Maces & Flails
  4216 | D:5      | Reached skill level 10 in Maces & Flails
  4567 | D:6      | Reached skill level 11 in Maces & Flails
  4733 | D:6      | Reached XP level 9. HP: 66/69 MP: 11/11
  4774 | D:6      | Noticed Duvessa
  4774 | D:6      | Noticed Dowan
  4780 | D:6      | Killed Duvessa
  4781 | D:6      | Killed Dowan
  4951 | D:6      | Found a staircase to the Ecumenical Temple.
  5070 | D:6      | Found Futal's Jewellery Boutique.
  5073 | D:6      | Bought an amulet of reflection for 390 gold pieces
  5095 | Temple   | Entered the Ecumenical Temple
  5143 | D:6      | Reached skill level 12 in Maces & Flails
  5257 | D:7      | Found Qofirite's Book Emporium.
  6146 | D:8      | Reached skill level 5 in Fighting
  6173 | D:8      | Reached XP level 10. HP: 75/82 MP: 13/13
  6187 | D:8      | Noticed a white ugly thing
  6190 | D:8      | Killed a white ugly thing
  6229 | D:8      | Reached skill level 13 in Maces & Flails
  6820 | D:8      | Noticed a two-headed ogre
  6825 | D:8      | Killed a two-headed ogre
  6940 | D:8      | Noticed a two-headed ogre
  6952 | D:8      | Killed a two-headed ogre
  6957 | D:8      | Reached skill level 14 in Maces & Flails
  6959 | D:8      | Reached XP level 11. HP: 77/94 MP: 14/14
  7293 | D:9      | Noticed Pikel
  7469 | D:8      | Killed Pikel
  7656 | D:9      | Noticed a two-headed ogre
  7664 | D:9      | Killed a two-headed ogre
  7899 | D:9      | Found a staircase to the Lair.
  8425 | D:8      | Acquired a manual of Evocations
  8658 | D:10     | Entered Level 10 of the Dungeon
  8696 | D:10     | Noticed a two-headed ogre
  8701 | D:10     | Killed a two-headed ogre
  8702 | D:10     | Reached skill level 1 in Evocations
  9262 | D:11     | Noticed a two-headed ogre
  9266 | D:11     | Killed a two-headed ogre
  9267 | D:11     | Reached skill level 10 in Fighting
  9282 | D:11     | Noticed a boulder beetle
  9284 | D:11     | Noticed a boulder beetle
  9285 | D:11     | Found a runed translucent gate.
  9285 | D:11     | Found a runed translucent gate.
  9285 | D:11     | Noticed vvokhom's ghost (novice TrSh)
  9286 | D:11     | Noticed a rakshasa
  9288 | D:11     | Noticed a two-headed ogre
  9295 | D:11     | Found a runed translucent gate.
  9297 | D:11     | Found Coni's Book Shoppe.
  9301 | D:11     | Noticed a two-headed ogre
  9327 | D:11     | Reached skill level 15 in Maces & Flails
  9328 | D:11     | Killed a two-headed ogre
  9820 | D:11     | Noticed a centaur warrior
  9830 | D:11     | Killed a centaur warrior
  9831 | D:11     | Reached skill level 5 in Evocations
 10191 | D:11     | Found Idiulean's Weapon Shoppe.
 10258 | D:11     | Reached XP level 12. HP: 107/107 MP: 15/15
 10277 | D:11     | Noticed a boulder beetle
 10291 | D:11     | Killed a boulder beetle
 10632 | D:11     | Found a staircase to the Orcish Mines.
 10656 | D:11     | Noticed a balrug
 10863 | D:11     | Killed a boulder beetle
 10868 | D:11     | Killed vvokhom's ghost
 10873 | D:11     | Killed a boulder beetle
 10886 | D:11     | Killed a rakshasa
 11058 | D:11     | Acquired the +12 executioner's axe of Disorder {pain,
                  | *Corrode rElec Will+ Int+6 Stlth+}
 12054 | D:12     | Reached skill level 16 in Maces & Flails
 12102 | D:12     | Noticed a centaur warrior
 12102 | D:12     | Noticed an ogre mage
 12102 | D:12     | Noticed a catoblepas
 12102 | D:12     | Noticed a centaur warrior
 12102 | D:12     | Noticed a centaur warrior
 12112 | D:12     | Killed a centaur warrior
 12117 | D:12     | Killed a centaur warrior
 12125 | D:12     | Killed a centaur warrior
 12130 | D:12     | Killed an ogre mage
 12215 | D:12     | Killed a catoblepas
 12309 | D:12     | Identified the +3 flail of Donwurapp {drain, Str+3}
 12460 | D:13     | Noticed a boulder beetle
 12471 | D:13     | Killed a boulder beetle
 12557 | D:13     | Reached XP level 13. HP: 99/118 MP: 16/16
 13310 | D:13     | Reached skill level 17 in Maces & Flails
 13334 | D:13     | Found a gate to the Vaults.
 13815 | Lair:1   | Entered Level 1 of the Lair of Beasts
 14683 | Lair:2   | Reached skill level 10 in Evocations
 15217 | Lair:2   | Found a hole to the Spider Nest.
 15283 | Lair:2   | Found a staircase to the Swamp.
 15293 | Lair:2   | Noticed Sonja
 15311 | Lair:2   | Killed Sonja
 16349 | Lair:3   | Reached skill level 18 in Maces & Flails
 16511 | Lair:3   | Reached skill level 1 in Axes
 16796 | Lair:3   | Reached XP level 14. HP: 111/126 MP: 17/17
 17598 | Lair:4   | Found a staircase to the Slime Pits.
 17634 | Lair:4   | Reached skill level 5 in Axes
 17808 | Lair:4   | Found a frozen archway.
 18049 | Lair:5   | Entered Level 5 of the Lair of Beasts
 18443 | Lair:4   | Mangled by a skyshark

Illustrated notes

Levels and vault maps discovered:
D:1:      dpeg_arrival_round_b, layout_basic
D:2:      layout_loops_ring, kennysheep_generic_room_15
D:3:      layout_basic, xom_teletrap_fun, lemuel_coloured_pillars_altar,
          st_stairs_2, uniq_grinder
D:4:      layout_basic
D:5:      minmay_polygon_palace, layout_basic, eino_tiny_chamber
D:6:      layout_gridville, minmay_temple_entry_waves,
          minmay_shop_enchanted_jewellery, minivault_25, uniq_duvessa
D:7:      layout_loops_ring, lemuel_crystal_altar, serial_shops, shop
D:8:      minmay_quarter_circles, layout_basic, chequers_serial_rivers_small_a
D:9:      layout_irregular_city, lemuel_crystal_altar, erik_lair_dragon,
          minmay_misc_feat_room, uniq_pikel
D:10:     layout_cross, gammafunk_temple_overflow_pools, kennysheep_nub,
          serial_library_hellmonk_reading_circle
D:11:     layout_basic, orc_0_dummy, serial_shops, nicolae_shop_tiny_waterfront,
          shop, gammafunk_ghost_split, makhleb_altar_promises_db
D:12:     minmay_the_grid_triangle_9x9_rhombus_thin_mashed
          [minmay_the_grid_triangle_9x9_impossible_snake,
          minmay_the_grid_triangle_9x9_prize_top_heavy,
          minmay_the_grid_triangle_9x9_shrine,
          minmay_the_grid_triangle_9x9_sprig], layout_loops_ring,
          okawaru_altar_gauntlet_db
D:13:     layout_gridville, hangedman_vaults_entry_quadrant_bands
Temple:   regret_index_temple_sphere_string
Lair:1:   layout_chaotic_city, small_statue_intersection,
          nicolae_quartered_pool_medium, grunt_forest_small_clearings,
          lemuel_fruit_fields, lemuel_fruit_fields
Lair:2:   layout_hall_layers, swamp_mist, spider_nest_entry_a,
          grunt_forest_large_clearings, grunt_megastairs_5,
          infiniplex_staircase_pool_2, uniq_sonja
Lair:3:   layout_cave_pods
Lair:4:   layout_hall_layers, nicolae_slime_entry_slimehenge,
          portal_ice_cave_entry_pillars_1, chequers_serial_rivers_marsh,
          serial_bayou_shore_a, lemuel_fruit_tree
Lair:5:   hangedman_lair_tendril_chambers, layout_gridlike,
          hangedman_lair_caniforms_friends, eino_house_with_fridge,
          serial_bayou_shore_b, uniq_nessos

Skill      XL: |  1  2  3  4  5  6  7  8  9 10 11 12 13 14 |
---------------+-------------------------------------------+-----
Maces & Flails | 2 5 6 7 8 11 12 14 15 16 18 | 18.0
Armour         | 3 |  3.0
Fighting       | 3 5 8 10 12 | 12.0
Shields        | 3 |  3.0
Evocations     | 5 8 12 | 12.0
Axes           | 2 6 |  6.5

Action                     |  1- 3 |  4- 6 |  7- 9 | 10-12 | 13-15 || total
---------------------------+-------+-------+-------+-------+-------++-------
  Melee: Flail             |    92 |       |       |       |       ||    92
         Morningstar       |    21 |    26 |       |       |       ||    47
         Demon whip        |       |    20 |   203 |   458 |   261 ||   942
         Executioner's axe |       |       |       |       |    84 ||    84
  Throw: Stone             |     8 |       |       |       |       ||     8
  Evoke: Wand              |       |       |       |     1 |     2 ||     3
         Phantom mirror    |       |       |       |       |     1 ||     1
    Use: Scroll            |     4 |     6 |     3 |    17 |     3 ||    33
         Potion            |       |       |     1 |     1 |     1 ||     3
   Stab: Sleeping          |       |       |     2 |     3 |     1 ||     6
         Distracted        |       |       |       |     1 |       ||     1
         Invisible         |       |       |       |     2 |       ||     2
         Paralysed         |       |       |       |       |     1 ||     1
 Armour: Scale mail        |    18 |       |       |       |       ||    18
         Chain mail        |    68 |     4 |       |       |       ||    72
         Ring mail         |       |    16 |    70 |   143 |   217 ||   446
  Dodge: Dodged            |    45 |    20 |    93 |   147 |   172 ||   477
  Block: Buckler           |    21 |     7 |    33 |   153 |    91 ||   305
         Reflection        |       |       |     3 |     8 |    12 ||    23
         Other             |       |       |       |       |    21 ||    21
